AoeStats
← Xeuro

Black Forest

510463024Analyzed
2v2 RM · 18h ago on Oct 1, 2026· 52m 38s· 4 players
Game mode
Random Map
Map size
Medium (4 player)
Population
200
Speed
Normal
Resources
Standard
Victory
Conquest
Starting age
Dark Age
Ending age
Imperial Age
RankedLock teamsTeams togetherTeam positionsShared explorationLock speedFull tech treeHidden civsTurbo modeCheats
Victory
Defeat
🇺🇸 Maya · United States
851
+15
🇦🇺 Persians · Australia
818
+30
🇨🇦 Japanese · Canada
840
-16
🇨🇦 Teutons · Canada
807
-15
Xeuro
0:28 Loom
12:59 Feudal Age
15:34 Wheelbarrow
14:45 Town Watch
15:14 Double-Bit Axe
15:10 Horse Collar
23:14 Castle Age
24:12 Fletching
24:56 Pikeman
33:05 Heavy Plow
33:06 Fishing Lines
37:25 Imperial Age
35:41 Bodkin Arrow
35:47 Padded Archer Armor
36:17 Bow Saw
37:02 Elite Skirmisher
37:48 Squires
37:14 Eagle Warrior
37:42 Arson
38:22 Capped Ram
39:05 Hul'che Javelineers
39:40 Holcans
40:08 Fortified Wall
40:38 Conscription
41:08 Bracer
41:19 Forging
41:40 Masonry
42:06 Crop Rotation
42:59 Thumb Ring
44:23 Hoardings
44:47 Ballistics
44:58 Architecture
46:53 Two-Man Saw
46:23 Leather Archer Armor
47:11 Scale Mail Armor
47:19 Murder Holes
47:05 Treadmill Crane
49:25 Chemistry
48:16 Guard Tower
48:44 Block Printing
48:51 Sanctity
48:43 Fervor
49:43 Iron Casting
51:28 Theocracy
50:43 Halberdier
51:51 Gold Mining
51:54 Stone Mining
boythick69420
13:00 Feudal Age
14:33 Double-Bit Axe
16:33 Scale Barding Armor
16:40 Forging
17:04 Horse Collar
20:04 Stone Mining
20:08 Gold Mining
22:08 Wheelbarrow
22:31 Fletching
26:35 Castle Age
25:02 Bloodlines
26:16 Scale Mail Armor
26:17 Padded Archer Armor
29:21 Pikeman
30:51 Iron Casting
30:28 Husbandry
35:15 Chain Mail Armor
35:20 Chain Barding Armor
36:19 Gold Shaft Mining
41:07 Imperial Age
38:57 Hand Cart
40:41 Bodkin Arrow
41:02 Leather Archer Armor
44:04 Cavalier
44:08 Heavy Camel Rider
44:13 Elite War Elephant
44:24 Capped Ram
47:06 Citadels
47:46 Savar
Albast6718
0:27 Loom
37:32 Feudal Age
41:18 Castle Age
44:47 Double-Bit Axe
SuuSamuraii
7:14 Loom
11:07 Feudal Age
11:39 Double-Bit Axe
18:31 Castle Age
19:51 Scale Barding Armor
26:57 Fortified Wall
31:37 Bow Saw
34:02 Stone Mining
34:04 Gold Mining
39:16 Imperial Age
37:00 Fletching
37:05 Horse Collar
38:06 Wheelbarrow
37:33 Fishing Lines
38:40 Husbandry
39:03 Masonry
40:23 Conscription
40:58 Onager
42:12 Caravan
42:31 Bloodlines
43:29 Ballistics
42:55 Cavalier
43:54 Forging
44:09 Hand Cart
45:11 Two-Man Saw
46:00 Chain Barding Armor
47:33 Scale Mail Armor
48:53 Heavy Plow
52:59 Iron Casting
52:40 Chain Mail Armor
52:25 Padded Archer Armor
52:21 Bodkin Arrow
Connection lost

Rejoining the realm…

Still unreachable

The connection could not be restored.

Session expired

The server has moved on; the page needs a fresh start.